Map: Disco Bloodbath LE

Players

Neeb

  • Race: Protoss Protoss
  • League: Master
  • Spawn Location: 9:00

thermostaat (uThermal) - Winner!

  • Race: Terran Terran
  • Spawn Location: 3:00

Event: NationWars 2019

VOD

Have the link to the VOD?

Description

Time

  • Played on: Nov. 16, 2019, 3:45 p.m.
  • Length: 9:05

All games in this series

Show
View Real Time Build Order
Export as new Build Order

Neeb Protoss 

Build Orders: 1 Gate Expand, Oracle Opening 

Get SALT Encoding   

  12  0:00  Probe  
  13  0:12  Probe  
  14  0:17  Pylon  
  14  0:24  Probe (Chrono Boost)  
  15  0:37  Probe (Chrono Boost), Gateway  
  16  0:44  Probe (Chrono Boost)  
  16  0:45  Assimilator  
  17  0:51  Probe  
  18  1:03  Probe  
  19  1:15  Probe  
  20  1:22  Nexus  
  20  1:36  Probe, Cybernetics Core  
  21  1:41  Assimilator  
  21  1:48  Probe  
  21  1:52  Pylon  
  22  2:01  Probe (Chrono Boost)  
  23  2:09  Adept (Chrono Boost)  
  23  2:12  Probe (Chrono Boost)  
  26  2:17  Probe (Chrono Boost)  
  26  2:20  Stargate  
  27  2:29  Probe (Chrono Boost)  
  28  2:32  Stalker  
  28  2:35  Probe (Chrono Boost)  
  31  2:42  Warp Gate  
  33  2:44  Probe x2 (Chrono Boost)  
  33  2:49  Probe (Chrono Boost)  
  33  2:51  Probe  
  35  3:01  Probe  
  35  3:02  Oracle (Chrono Boost)  
  35  3:03  Probe  
  40  3:13  Probe  
  40  3:15  Probe, Gateway  
  40  3:16  Gateway  
  42  3:20  Pylon  
  42  3:25  Probe  
  43  3:27  Probe  
  44  3:34  Twilight Council  
  44  3:37  Probe  
  44  3:38  Assimilator  
  44  3:39  Probe  
  46  3:42  Assimilator  
  46  3:46  Pylon  
  46  3:50  Probe  
  46  3:52  Probe (Chrono Boost)  
  48  4:02  Probe (Chrono Boost)  
  50  4:10  Probe (Chrono Boost)  
  50  4:11  Nexus, Probe (Chrono Boost)  
  50  4:12  Blink (Chrono Boost)  
  50  4:16  Probe (Chrono Boost)  
  52  4:17  Pylon  
  52  4:20  Probe  
  53  4:28  Probe  
  54  4:32  Stalker x2  
  54  4:33  Pylon  
  54  4:36  Stalker  
  54  4:38  Probe  
  60  4:40  Probe  
  61  4:50  Probe  
  61  4:52  Probe  
  63  4:55  Stalker x2  
  67  5:01  Stalker  
  67  5:02  Probe  
  67  5:04  Probe  
  71  5:12  Pylon  
  72  5:14  Probe  
  72  5:16  Probe, Forge  
  72  5:19  Forge  
  73  5:22  Sentry  
  73  5:25  Probe  
  73  5:26  Probe  
  77  5:33  Stalker x2  
  81  5:36  Probe, Gateway  
  81  5:39  Gateway  
  81  5:40  Probe  
  81  5:41  Pylon  
  83  5:45  Probe, Protoss Ground Armor Level 1 (Chrono Boost)  
  83  5:46  Protoss Ground Weapons Level 1 (Chrono Boost)  
  84  5:52  Charge  
  84  5:56  Probe  
  85  5:59  Probe x2  
  83  6:13  Probe  
  83  6:14  Probe  
  83  6:15  Probe  
  83  6:16  Assimilator  
  83  6:18  Pylon  
  86  6:19  Gateway  
  86  6:20  Assimilator, Gateway  
  86  6:21  Gateway  
  86  6:24  Templar Archives, Stalker, Robotics Facility  
  86  6:25  Stalker  
  90  6:28  Sentry  
  92  6:39  Probe  
  94  6:40  Probe x2  
  94  6:42  Pylon  
  95  6:51  Pylon x2  
  95  6:53  Shield Battery  
  95  6:55  Sentry  
  95  6:56  Pylon, Zealot x4  
  105  7:09  Nexus  
  105  7:10  Pylon  
  105  7:11  Immortal  
  105  7:15  Pylon  
  109  7:17  Stalker x2, Pylon  
  113  7:29  Psionic Storm  
  113  7:35  High Templar  
  113  7:36  High Templar x3  
  117  7:38  High Templar  
  117  7:40  Zealot  
  117  7:41  Zealot x2  
  122  7:54  Warp Prism  
  124  8:00  Shield Battery  
  124  8:02  Shield Battery  
  124  8:06  Zealot x3  
  130  8:16  Zealot x5  
  126  8:29  Zealot  
  126  8:30  Zealot x2  
  127  8:36  Probe x2  
  127  8:37  Zealot x2  
  127  8:40  Zealot  
  98  8:51  Stalker x3  
  98  8:54  Archon  
  98  8:55  Zealot  
  88  8:58  Zealot  
Show
View Real Time Build Order
Export as new Build Order

thermostaat Terran - Winner!

Build Orders: Reaper Expand 

Get SALT Encoding   

  12  0:01  SCV  
  13  0:13  SCV  
  14  0:17  Supply Depot  
  14  0:25  SCV  
  15  0:38  SCV  
  15  0:40  Barracks  
  16  0:43  Refinery  
  16  0:50  SCV  
  17  1:02  SCV  
  18  1:14  SCV  
  19  1:27  Orbital Command, Reaper  
  20  1:44  Command Center  
  20  1:49  Supply Depot  
  20  1:53  SCV  
  21  1:59  Marine  
  22  2:05  SCV  
  22  2:07  Factory  
  23  2:14  Refinery  
  23  2:17  SCV  
  23  2:20  Barracks Reactor  
  24  2:29  SCV  
  25  2:41  SCV  
  26  2:53  SCV  
  26  2:55  Starport  
  26  2:56  Widow Mine  
  26  2:57  Bunker, Orbital Command, Marine x2  
  31  3:05  SCV  
  32  3:14  Marine x2  
  32  3:17  Widow Mine  
  32  3:18  SCV  
  37  3:22  SCV  
  38  3:30  SCV  
  38  3:32  Viking, Marine x2  
  43  3:37  Supply Depot, Refinery  
  43  3:38  Factory Tech Lab  
  43  3:40  SCV  
  44  3:42  SCV  
  45  3:48  Supply Depot  
  45  3:50  Marine  
  46  3:58  Marine  
  46  3:59  SCV x2  
  49  4:06  Factory Tech Lab  
  49  4:08  Raven, Marine  
  52  4:11  SCV, Supply Depot  
  52  4:12  SCV  
  52  4:16  Marine  
  55  4:23  SCV  
  56  4:24  Cyclone  
  56  4:26  Marine  
  56  4:27  SCV  
  61  4:34  Marine  
  61  4:35  SCV  
  61  4:38  Command Center  
  63  4:39  SCV  
  63  4:44  Marine  
  63  4:45  Supply Depot  
  64  4:49  SCV  
  64  4:52  Marine  
  66  4:53  Barracks  
  66  4:57  Barracks  
  66  4:58  SCV  
  67  5:02  Siege Tank  
  67  5:06  SCV  
  71  5:10  SCV, Supply Depot, Marine x2  
  74  5:14  Starport Reactor  
  74  5:18  SCV  
  75  5:21  Engineering Bay  
  75  5:22  SCV  
  75  5:23  Engineering Bay  
  75  5:28  Marine x2  
  78  5:40  Barracks  
  78  5:41  Barracks, Stimpack, Factory Reactor, Marine  
  79  5:49  Terran Infantry Weapons Level 1, Terran Infantry Armor Level 1  
  79  5:52  Orbital Command  
  79  5:54  Marine  
  79  5:56  Marine x2  
  80  5:59  Medivac, Marine  
  80  6:02  Medivac  
  75  6:14  SCV, Marauder, Marine  
  79  6:19  Refinery, Marine, Marauder  
  79  6:21  Widow Mine x2  
  79  6:25  Supply Depot  
  86  6:29  Medivac, Barracks Tech Lab  
  86  6:30  Barracks Reactor  
  86  6:31  Marine  
  86  6:32  Medivac  
  91  6:34  Supply Depot  
  91  6:35  Marine  
  91  6:38  Marine  
  93  6:41  Marine  
  93  6:42  Supply Depot  
  93  6:43  Widow Mine  
  93  6:46  Widow Mine  
  98  6:49  Marine  
  98  6:52  Marine  
  98  6:54  Marauder  
  101  6:55  Supply Depot  
  101  6:56  Marine  
  101  6:59  Medivac  
  101  7:00  Marauder  
  106  7:07  Marine  
  106  7:08  Marine x2  
  108  7:09  Supply Depot  
  108  7:10  Marauder  
  108  7:12  Medivac  
  108  7:15  Marauder, Widow Mine  
  117  7:18  Widow Mine  
  117  7:20  Orbital Command  
  117  7:21  Marauder  
  121  7:24  Marine  
  120  7:31  Marauder  
  120  7:34  SCV  
  120  7:36  Widow Mine, Marine x2, Marauder  
  127  7:37  SCV, Supply Depot  
  127  7:40  Medivac, Widow Mine  
  127  7:42  Marauder  
  134  7:46  SCV  
  134  7:49  SCV x2  
  134  7:50  Marine  
  138  7:51  Supply Depot  
  138  7:52  Supply Depot  
  138  7:53  Marine  
  138  7:54  Medivac  
  141  8:01  Supply Depot  
  141  8:02  Marine  
  142  8:26  Widow Mine  
  133  8:28  Marine  
  133  8:29  Marauder, Medivac x2  
  139  8:35  Widow Mine  
  127  8:42  Marauder  
Tags
 
Add a new tag
Caveats
  • Supply blocks, unpowered buildings, or Contaminate may cause inaccurate times.
  • Supply counts are checked every 10 seconds.